 Dungeon Crawl Stone Soup version 0.22-a0-542-gce4f928 (webtiles) character file.

105 inc the Chiller (level 4, -6/27 HPs)
             Began as an Octopode Ice Elementalist on June 24, 2018.
             Mangled by an ogre
             ... wielding a +0 giant spiked club
              (32 damage)
             ... on level 4 of the Dungeon.
             The game lasted 00:04:06 (3098 turns).

inc the Chiller (Octopode Ice Elementalist)         Turns: 3098, Time: 00:04:06

Health: -6/27      AC:  1    Str:  7    XL:     4   Next: 81%
Magic:  23/25      EV: 13    Int: 18    God:
Gold:   169        SH:  0    Dex: 12    Spells: 4/7 levels left

rFire    . . .     SeeInvis .   m - +0 short sword
rCold    . . .     Gourm    .   (no shield)
rNeg     . . .     Faith    .   (helmet restricted)
rPois    .         Spirit   .   e - amulet of inaccuracy (curse)
rElec    .         Reflect  .   g - ring of protection from magic
rCorr    .         Harm     .   j - ring of magical power
MR       +....                  a - ring of magical power
Stlth    +++.......             (no ring)
HPRegen  0.09/turn              (no ring)
MPRegen  0.19/turn              (no ring)
                                (no ring)
                                (no ring)

@: no status effects
A: almost no armour, stealthy swim, amphibious, 8 rings, constrict 8, camouflage
1, gelatinous body 1
a: no special abilities


You were on level 4 of the Dungeon.
You were very hungry.

You visited 1 branch of the dungeon, and saw 4 of its levels.

You collected 169 gold pieces.

Inventory:

Hand Weapons
 m - a +0 short sword (weapon)
Armour
 i - a +0 shield
Jewellery
 a - a ring of magical power (on tentacle)
 e - a cursed amulet of inaccuracy (around mantle)
 g - a ring of protection from magic (left tentacle)
 j - a ring of magical power (right tentacle)
Scrolls
 c - 2 scrolls of enchant armour
Potions
 d - a potion of might
 h - a potion of haste {unknown}
 k - a potion of curing {unknown}
 o - 2 potions of ambrosia
 p - a potion of lignification {unknown}
Comestibles
 b - 9 rations


   Skills:
 - Level 2.0 Dodging
 - Level 2.6 Stealth
 - Level 2.0 Spellcasting
 + Level 2.9 Conjurations
 - Level 4.5 Ice Magic


You had 4 spell levels left.
You knew the following spells:

 Your Spells              Type           Power        Failure   Level  Hunger
a - Freeze                Ice            ###.         2%          1    #......
b - Throw Frost           Conj/Ice       ###...       6%          2    ###....

Your spell library contained the following spells:

 Spells                   Type           Power        Failure   Level  Hunger
 Summon Ice Beast         Ice/Summ       #.......     56%         4    #####..
 Ozocubu's Armour         Chrm/Ice       #.......     22%         3    ###....
 Spider Form              Tmut/Pois      #.........   47%         3    ###....
 Blade Hands              Tmut           #.........   99%         5    ######.
 Ice Form                 Ice/Tmut       #.......     56%         4    #####..
 Throw Icicle             Conj/Ice       ###.....     36%         4    #####..
 Sticks to Snakes         Tmut           #.......     26%         2    ###....
 Beastly Appendage        Tmut           #.....       19%         1    #......


Dungeon Overview and Level Annotations

Branches:
Dungeon (4/15)
 Temple: D:4-7

Altars:
Kikubaaqudgha
Vehumet


Innate Abilities, Weirdness & Mutations

You cannot wear most types of armour.
You are very stealthy in the water. (Stealth+)
You are amphibious.
You can wear up to eight rings at the same time.
You can use your tentacles to constrict eight enemies at once.
Your skin changes colour to match your surroundings (Stealth+).
Your rubbery body absorbs attacks. (AC +1, EV +1)


Message History

The ogre shouts!
The ogre closely misses you.
Casting: Freeze (safe; 2% risk of failure)
Confirm with . or Enter, or press ? or * to list all spells.
Aiming: Freeze (safe; 2% risk of failure)
Press: ? - help, Shift-Dir - straight line, f - ogre
Aim: an ogre, wielding a giant spiked club You freeze the ogre.
The ogre is lightly wounded.
A worker ant comes into view.
Casting: Freeze (safe; 2% risk of failure)
Confirm with . or Enter, or press ? or * to list all spells.
Aiming: Freeze (safe; 2% risk of failure)
Press: ? - help, Shift-Dir - straight line, f/p - ogre
Aim: an ogre, wielding a giant spiked club (lightly wounded)
You freeze the ogre.
The ogre is moderately wounded.
The ogre hits you with a giant spiked club!!
Ouch! That really hurt!
You die...

#.... ..#
###.... ...
....... ..#
..?....
..#####
.......
.......
.....
.......
#.O##......#
#.@<......#
#..........
#######....
... #


You could see an ogre.

Vanquished Creatures
  An orc wizard (D:3)
  A gnoll (D:4)
  3 adders
  An ooze (D:3)
  2 leopard geckos
  An orc (D:4)
  A bat zombie (D:2)
  A giant cockroach (D:3)
  4 goblins
  A hobgoblin (D:1)
  A ball python (D:2)
  3 bats
  3 frilled lizards
  6 kobolds
  A quokka skeleton (D:3)
  4 rats
  A rat zombie (D:2)
35 creatures vanquished.

Notes
Turn   | Place    | Note
-------+----------+-------------------------------------------
     0 | D:1      | inc the Octopode Ice Elementalist began the quest for the Orb.
     0 | D:1      | Reached XP level 1. HP: 11/11 MP: 3/3
   865 | D:2      | Reached XP level 2. HP: 17/17 MP: 1/5
  1441 | D:2      | Reached skill level 4 in Ice Magic
  1459 | D:2      | Reached XP level 3. HP: 14/21 MP: 2/6
  1979 | D:2      | Found a radiant altar of Vehumet.
  1997 | D:2      | Found an ancient bone altar of Kikubaaqudgha.
  2319 | D:2      | Learned a level 2 spell: Throw Frost
  2423 | D:3      | Reached XP level 4. HP: 27/27 MP: 7/7
  2794 | D:4      | Noticed an orc warrior
  3095 | D:4      | Noticed an ogre
  3098 | D:4      | Mangled by an ogre

Vault maps used:
D:1:      nicolae_arrival_somewhat_less_tricky_arrival
D:2:      vehumet_crystals, lemuel_zombie_altar_kikubaaqudgha,
          kennysheep_generic_room_10
D:4:      gup_sewer_entry_pipe, first_ration, minmay_misc_feat_rugged,
          minmay_checkerbox

Skill      XL: |  1  2  3  4 |
---------------+-------------+-----
Ice Magic      | 4 |  4.5
Conjurations   | 2 |  2.9
Dodging        | |  2.0
Stealth        | |  2.6
Spellcasting   | |  2.0

Action                   |  1- 3 |  4- 6 || total
-------------------------+-------+-------++-------
Melee: Tentacles         |     2 |     1 ||     3
       Unarmed           |     1 |       ||     1
       Short sword       |    22 |     3 ||    25
       Constrict         |     2 |     2 ||     4
 Cast: Freeze            |    22 |     8 ||    30
       Throw Frost       |     3 |    14 ||    17
  Use: Scroll            |     9 |       ||     9
 Stab: Sleeping          |     6 |       ||     6
       Distracted        |     1 |       ||     1
  Eat: Chunk             |     5 |     2 ||     7
Armor: Skin              |     5 |     2 ||     7
Dodge: Dodged            |    17 |     9 ||    26

Table legend:
 A = Spawn XP
 B = Non-spawn XP
 C = Spawn XP percentage of total XP
 D = Spawn monster count
 E = Non-spawn monster count
 F = Spawn count percentage of total count
 G = Total turns spent on level
                    A         B        C        D         E        F      G
               +---------+---------+-------+---------+---------+-------+---------
         Total |       0 |     150 |   0.0 |       0 |      35 |   0.0 |  3098
               +---------+---------+-------+---------+---------+-------+---------
           D:1 |       0 |       7 |   0.0 |       0 |       4 |   0.0 |   863
           D:2 |       0 |      47 |   0.0 |       0 |      17 |   0.0 |  1425
           D:3 |       0 |      78 |   0.0 |       0 |      12 |   0.0 |   797
           D:4 |       0 |      18 |   0.0 |       0 |       2 |   0.0 |    13
               +---------+---------+-------+---------+---------+-------+---------
